[ PARTIDA AOE2 · #463912988 ]
Team RMJemeres vs Tatars
[ ANÁLISIS DE REPETICIÓN · EXTRAÍDO DE LA PARTIDA GRABADA ]
Feudal
10:35
Castillos
13:16
Imperial
25:02
| APM promedio | 45.9 |
| APM pico | 105 |
| eAPM promedio | 22.0 |
| Aldeanos / militares | 115 / 100 |
Foco
⚔️ 23.7% · 🌾 76.3%
Scout Cavalry ×90 · Ballista Elephant ×6 · Trebuchet (Packed) ×3 · Mangonel ×1
Feudal
11:23
Castillos
14:56
Imperial
29:30
| APM promedio | 55.5 |
| APM pico | 103 |
| eAPM promedio | 34.4 |
| Aldeanos / militares | 151 / 173 |
Foco
⚔️ 25.1% · 🌾 74.9%
Steppe Lancer ×165 · Scout Cavalry ×5 · Monk ×3
Feudal
10:33
Castillos
14:29
Imperial
28:07
| APM promedio | 42.4 |
| APM pico | 70 |
| eAPM promedio | 22.5 |
| Aldeanos / militares | 208 / 102 |
Foco
⚔️ 33.2% · 🌾 66.8%
Militia ×69 · Mangonel ×21 · Spearman ×5 · Trebuchet (Packed) ×4 · Monk ×3
Feudal
10:15
Castillos
13:47
Imperial
31:17
| APM promedio | 32.8 |
| APM pico | 95 |
| eAPM promedio | 20.0 |
| Aldeanos / militares | 78 / 30 |
Foco
⚔️ 37.2% · 🌾 62.8%
Hand Cannoneer ×24 · Monk ×2 · Battering Ram ×2 · Bombard Cannon ×2
Feudal
10:41
Castillos
14:43
Imperial
—
| APM promedio | 48.1 |
| APM pico | 129 |
| eAPM promedio | 18.6 |
| Aldeanos / militares | 79 / 33 |
Foco
⚔️ 31.2% · 🌾 68.8%
Konnik ×29 · Petard ×4
Feudal
11:52
Castillos
14:34
Imperial
29:25
| APM promedio | 44.8 |
| APM pico | 88 |
| eAPM promedio | 26.6 |
| Aldeanos / militares | 146 / 136 |
Foco
⚔️ 29.1% · 🌾 70.9%
Spearman ×54 · Scorpion ×44 · Scout Cavalry ×28 · Monk ×4 · Trebuchet (Packed) ×4 · Ballista Elephant ×2
Feudal
11:04
Castillos
14:51
Imperial
—
| APM promedio | 27.5 |
| APM pico | 69 |
| eAPM promedio | 19.3 |
| Aldeanos / militares | 145 / 149 |
Foco
⚔️ 24.0% · 🌾 76.0%
Knight ×96 · Obuch ×41 · Battering Ram ×12
Feudal
11:50
Castillos
15:20
Imperial
28:09
| APM promedio | 35.3 |
| APM pico | 61 |
| eAPM promedio | 18.6 |
| Aldeanos / militares | 142 / 202 |
Foco
⚔️ 32.0% · 🌾 68.0%
Archer ×128 · Shotel Warrior ×68 · Trebuchet (Packed) ×5 · Monk ×1
Mapa de la partida
Recursos iniciales + cada clic de construcción. Líneas = muros · curvas = relieve. ◆ oro · ⬟ piedra · ● bayas · ✦ reliquia · ◌ hueco del cierre
Inputs por minuto
— kampert - - タタールが村に入った
Build order — kampert
Primeras 150 de 329 acciones detectadas
| 0:01 | Crear | Villager (Male) |
| 0:01 | Crear | Villager (Male) |
| 0:03 | Construir | House |
| 0:04 | Construir | House |
| 0:34 | Crear | Villager (Male) |
| 0:34 | Crear | Villager (Male) |
| 0:35 | Crear | Villager (Male) |
| 1:24 | Crear | Villager (Male) |
| 1:24 | Crear | Villager (Male) |
| 1:50 | Crear | Villager (Male) |
| 1:50 | Crear | Villager (Male) |
| 2:23 | Crear | Villager (Male) |
| 2:42 | Construir | Lumber Camp |
| 2:44 | Crear | Villager (Male) |
| 2:44 | Crear | Villager (Male) |
| 2:59 | Crear | Villager (Male) |
| 3:00 | Crear | Villager (Male) |
| 3:40 | Crear | Villager (Male) |
| 3:40 | Crear | Villager (Male) |
| 3:51 | Construir | House |
| 3:52 | Construir | House |
| 4:06 | Crear | Villager (Male) |
| 4:18 | Crear | Villager (Male) |
| 4:18 | Crear | Villager (Male) |
| 4:57 | Crear | Villager (Male) |
| 4:57 | Crear | Villager (Male) |
| 4:57 | Crear | Villager (Male) |
| 4:58 | Crear | Villager (Male) |
| 5:19 | Construir | Mill |
| 6:18 | Crear | Villager (Male) |
| 6:38 | Construir | Mill |
| 6:45 | Crear | Villager (Male) |
| 6:45 | Crear | Villager (Male) |
| 6:46 | Crear | Villager (Male) |
| 7:06 | Crear | Villager (Male) |
| 7:07 | Crear | Villager (Male) |
| 8:04 | Construir | Farm |
| 8:06 | Construir | Farm |
| 8:24 | Investigar | Feudal Age |
| 10:07 | Construir | Mining Camp |
| 10:35 | Edad | Edad Feudal |
| 10:36 | Investigar | Castle Age |
| 10:36 | Investigar | Castle Age |
| 11:02 | Construir | House |
| 11:23 | Investigar | Double-Bit Axe |
| 12:22 | Construir | Mining Camp |
| 13:16 | Edad | Edad de los Castillos |
| 13:16 | Crear | Villager (Male) |
| 13:17 | Crear | Villager (Male) |
| 13:18 | Crear | Villager (Male) |
| 13:47 | Construir | Castle |
| 13:56 | Construir | Farm |
| 13:57 | Construir | Farm |
| 13:58 | Construir | Farm |
| 14:02 | Investigar | Horse Collar |
| 14:07 | Construir | Farm |
| 14:12 | Construir | Farm |
| 14:34 | Crear | Villager (Male) |
| 14:53 | Crear | Ballista Elephant |
| 14:54 | Crear | Villager (Male) |
| 15:19 | Crear | Villager (Male) |
| 15:19 | Investigar | Loom |
| 15:29 | Crear | Ballista Elephant |
| 15:29 | Crear | Ballista Elephant |
| 16:02 | Crear | Ballista Elephant |
| 16:14 | Crear | Villager (Male) |
| 16:15 | Crear | Villager (Male) |
| 16:17 | Investigar | Loom |
| 16:19 | Construir | Farm |
| 16:20 | Construir | Farm |
| 16:20 | Construir | Farm |
| 16:20 | Construir | Farm |
| 16:20 | Construir | Farm |
| 16:34 | Construir | Stone Wall |
| 16:38 | Crear | Villager (Male) |
| 16:57 | Crear | Villager (Male) |
| 17:08 | Crear | Ballista Elephant |
| 17:09 | Crear | Villager (Male) |
| 17:18 | Crear | Villager (Male) |
| 17:20 | Construir | Farm |
| 17:21 | Construir | Farm |
| 17:59 | Crear | Ballista Elephant |
| 18:01 | Crear | Villager (Male) |
| 18:08 | Construir | Farm |
| 18:17 | Construir | Farm |
| 18:55 | Construir | House |
| 19:11 | Construir | Farm |
| 19:34 | Crear | Villager (Male) |
| 19:59 | Crear | Villager (Male) |
| 20:13 | Crear | Villager (Male) |
| 20:19 | Construir | Siege Workshop |
| 20:32 | Construir | Stone Wall |
| 20:34 | Construir | Stone Wall |
| 20:38 | Construir | Stone Wall |
| 20:39 | Construir | Stone Wall |
| 20:47 | Construir | Stone Wall |
| 20:54 | Construir | House |
| 20:57 | Crear | Villager (Male) |
| 21:01 | Crear | Mangonel |
| 21:20 | Construir | Stone Wall |
| 21:29 | Construir | Farm |
| 21:29 | Construir | Farm |
| 21:37 | Construir | Outpost |
| 21:52 | Investigar | Imperial Age |
| 22:10 | Construir | Farm |
| 22:30 | Construir | Stable |
| 22:34 | Construir | Farm |
| 23:24 | Construir | Palisade Gate |
| 23:31 | Crear | Scout Cavalry |
| 23:34 | Investigar | Light Cavalry (upgrade) |
| 23:53 | Construir | Building 487 |
| 23:56 | Construir | Stone Wall |
| 23:58 | Construir | Stone Wall |
| 24:02 | Construir | Stone Wall |
| 24:03 | Construir | Stone Wall |
| 24:15 | Crear | Villager (Male) |
| 24:23 | Construir | Town Center |
| 24:25 | Construir | Farm |
| 25:02 | Edad | Edad Imperial |
| 25:04 | Crear | Trebuchet (Packed) |
| 25:25 | Crear | Villager (Male) |
| 25:40 | Construir | Stone Wall |
| 25:52 | Crear | Villager (Male) |
| 25:53 | Crear | Villager (Male) |
| 25:54 | Crear | Villager (Male) |
| 26:03 | Crear | Trebuchet (Packed) |
| 26:04 | Crear | Trebuchet (Packed) |
| 26:05 | Crear | Villager (Male) |
| 26:12 | Investigar | Bloodlines |
| 26:15 | Investigar | Husbandry |
| 26:17 | Crear | Villager (Male) |
| 26:18 | Crear | Villager (Male) |
| 26:29 | Crear | Villager (Male) |
| 27:04 | Crear | Villager (Male) |
| 27:18 | Crear | Villager (Male) |
| 27:19 | Crear | Villager (Male) |
| 27:21 | Construir | House |
| 27:21 | Construir | House |
| 27:21 | Construir | House |
| 27:22 | Construir | House |
| 27:30 | Crear | Scout Cavalry |
| 27:33 | Crear | Scout Cavalry |
| 27:35 | Crear | Scout Cavalry |
| 27:36 | Construir | House |
| 27:40 | Construir | House |
| 27:40 | Construir | House |
| 27:40 | Construir | House |
| 27:40 | Construir | House |
| 27:41 | Construir | House |
| 27:42 | Crear | Villager (Male) |
Build order — タタールが村に入った
Primeras 150 de 490 acciones detectadas
| 0:03 | Crear | Villager (Male) |
| 0:03 | Crear | Villager (Male) |
| 0:04 | Crear | Villager (Male) |
| 0:04 | Crear | Villager (Male) |
| 0:05 | Construir | House |
| 0:08 | Construir | House |
| 1:29 | Crear | Villager (Male) |
| 1:47 | Construir | Lumber Camp |
| 1:52 | Crear | Villager (Male) |
| 2:16 | Crear | Villager (Male) |
| 2:37 | Crear | Villager (Male) |
| 2:37 | Crear | Villager (Male) |
| 3:02 | Construir | House |
| 3:04 | Construir | House |
| 3:12 | Crear | Villager (Male) |
| 3:12 | Crear | Villager (Male) |
| 3:27 | Crear | Villager (Male) |
| 3:27 | Crear | Villager (Male) |
| 4:08 | Crear | Villager (Male) |
| 4:08 | Crear | Villager (Male) |
| 4:21 | Construir | Mill |
| 4:30 | Crear | Villager (Male) |
| 4:30 | Crear | Villager (Male) |
| 4:38 | Crear | Villager (Male) |
| 4:38 | Crear | Villager (Male) |
| 5:01 | Crear | Villager (Male) |
| 5:01 | Crear | Villager (Male) |
| 5:16 | Crear | Villager (Male) |
| 5:16 | Crear | Villager (Male) |
| 5:31 | Construir | Mill |
| 5:53 | Crear | Villager (Male) |
| 5:53 | Crear | Villager (Male) |
| 6:22 | Crear | Villager (Male) |
| 6:22 | Crear | Villager (Male) |
| 6:22 | Crear | Villager (Male) |
| 6:50 | Crear | Villager (Male) |
| 6:53 | Construir | Lumber Camp |
| 7:01 | Construir | House |
| 7:38 | Crear | Villager (Male) |
| 7:39 | Crear | Villager (Male) |
| 8:27 | Construir | Mining Camp |
| 8:54 | Investigar | Feudal Age |
| 8:54 | Investigar | Feudal Age |
| 9:05 | Construir | Barracks |
| 9:19 | Crear | Villager (Male) |
| 9:19 | Crear | Villager (Male) |
| 11:23 | Edad | Edad Feudal |
| 11:24 | Construir | Stable |
| 11:28 | Construir | Blacksmith |
| 12:08 | Construir | Farm |
| 12:09 | Construir | Farm |
| 12:16 | Investigar | Castle Age |
| 12:16 | Investigar | Castle Age |
| 12:27 | Crear | Scout Cavalry |
| 12:27 | Crear | Scout Cavalry |
| 12:34 | Construir | Farm |
| 12:39 | Construir | Farm |
| 12:43 | Construir | Farm |
| 12:44 | Crear | Scout Cavalry |
| 12:49 | Construir | House |
| 12:50 | Construir | House |
| 13:01 | Crear | Scout Cavalry |
| 13:34 | Crear | Scout Cavalry |
| 13:57 | Investigar | Double-Bit Axe |
| 14:01 | Construir | Farm |
| 14:08 | Construir | House |
| 14:56 | Edad | Edad de los Castillos |
| 15:00 | Investigar | Light Cavalry (upgrade) |
| 15:00 | Investigar | Light Cavalry (upgrade) |
| 15:02 | Investigar | Loom |
| 15:03 | Investigar | Loom |
| 15:05 | Crear | Villager (Male) |
| 15:10 | Construir | Town Center |
| 15:49 | Crear | Villager (Male) |
| 15:55 | Construir | Town Center |
| 16:00 | Construir | Farm |
| 16:01 | Construir | Farm |
| 16:10 | Crear | Villager (Male) |
| 16:35 | Investigar | Scale Barding Armor |
| 16:54 | Crear | Villager (Male) |
| 17:11 | Crear | Villager (Male) |
| 17:11 | Crear | Villager (Male) |
| 17:12 | Crear | Villager (Male) |
| 17:19 | Construir | Monastery |
| 17:38 | Crear | Villager (Male) |
| 17:38 | Crear | Villager (Male) |
| 17:42 | Construir | Farm |
| 17:48 | Crear | Villager (Male) |
| 17:48 | Crear | Villager (Male) |
| 18:00 | Crear | Villager (Male) |
| 18:01 | Crear | Villager (Male) |
| 18:24 | Crear | Villager (Male) |
| 18:25 | Crear | Villager (Male) |
| 18:25 | Crear | Villager (Male) |
| 18:28 | Crear | Monk |
| 18:37 | Construir | Farm |
| 18:39 | Construir | Farm |
| 18:41 | Construir | Farm |
| 18:44 | Construir | Farm |
| 18:47 | Crear | Villager (Male) |
| 18:50 | Construir | Farm |
| 18:53 | Construir | House |
| 18:54 | Construir | House |
| 18:55 | Construir | House |
| 18:55 | Construir | House |
| 18:56 | Crear | Villager (Male) |
| 18:57 | Crear | Villager (Male) |
| 19:14 | Crear | Villager (Male) |
| 19:16 | Construir | Farm |
| 19:17 | Crear | Villager (Male) |
| 19:22 | Construir | Farm |
| 19:23 | Construir | Farm |
| 19:30 | Crear | Villager (Male) |
| 19:47 | Crear | Villager (Male) |
| 19:47 | Crear | Villager (Male) |
| 19:49 | Crear | Villager (Male) |
| 20:11 | Crear | Villager (Male) |
| 20:11 | Crear | Villager (Male) |
| 20:14 | Crear | Villager (Male) |
| 20:14 | Crear | Villager (Male) |
| 20:14 | Crear | Villager (Male) |
| 20:18 | Construir | Mill |
| 20:19 | Construir | Farm |
| 20:20 | Crear | Villager (Male) |
| 20:23 | Construir | Farm |
| 20:24 | Construir | Farm |
| 20:25 | Construir | Farm |
| 20:26 | Construir | Farm |
| 20:28 | Construir | Farm |
| 20:29 | Crear | Villager (Male) |
| 20:30 | Crear | Villager (Male) |
| 20:30 | Crear | Villager (Male) |
| 20:45 | Investigar | Wheelbarrow |
| 20:46 | Crear | Villager (Male) |
| 20:47 | Crear | Villager (Male) |
| 20:47 | Crear | Villager (Male) |
| 20:47 | Crear | Villager (Male) |
| 20:54 | Construir | Farm |
| 20:55 | Construir | Farm |
| 20:56 | Crear | Villager (Male) |
| 20:56 | Crear | Villager (Male) |
| 21:11 | Construir | Farm |
| 21:15 | Construir | House |
| 21:16 | Construir | House |
| 21:18 | Construir | House |
| 21:25 | Crear | Steppe Lancer |
| 21:25 | Crear | Steppe Lancer |
| 21:26 | Crear | Steppe Lancer |
| 21:26 | Crear | Steppe Lancer |
| 21:35 | Crear | Monk |
Build order — buckner
Primeras 150 de 413 acciones detectadas
| 0:02 | Crear | Villager (Male) |
| 0:03 | Crear | Villager (Male) |
| 0:04 | Construir | House |
| 0:06 | Construir | House |
| 0:11 | Crear | Villager (Male) |
| 0:11 | Crear | Villager (Male) |
| 1:32 | Crear | Villager (Male) |
| 1:49 | Construir | Lumber Camp |
| 1:52 | Crear | Villager (Male) |
| 2:24 | Crear | Villager (Male) |
| 2:51 | Crear | Villager (Male) |
| 2:56 | Crear | Villager (Male) |
| 3:17 | Construir | House |
| 3:18 | Construir | House |
| 3:28 | Crear | Villager (Male) |
| 3:48 | Crear | Villager (Male) |
| 4:15 | Crear | Villager (Male) |
| 4:42 | Construir | Mill |
| 4:54 | Crear | Villager (Male) |
| 5:23 | Crear | Villager (Male) |
| 5:23 | Crear | Villager (Male) |
| 5:44 | Crear | Villager (Male) |
| 5:47 | Crear | Villager (Male) |
| 6:22 | Crear | Villager (Male) |
| 6:37 | Crear | Villager (Male) |
| 6:52 | Crear | Villager (Male) |
| 7:07 | Crear | Villager (Male) |
| 7:14 | Construir | Mill |
| 7:15 | Crear | Villager (Male) |
| 7:19 | Construir | Mining Camp |
| 8:08 | Construir | Farm |
| 8:23 | Investigar | Feudal Age |
| 8:32 | Construir | House |
| 10:33 | Edad | Edad Feudal |
| 10:34 | Crear | Villager (Male) |
| 10:35 | Crear | Villager (Male) |
| 10:42 | Construir | Blacksmith |
| 10:44 | Construir | Market |
| 11:07 | Crear | Villager (Male) |
| 11:41 | Investigar | Castle Age |
| 12:19 | Investigar | Double-Bit Axe |
| 12:25 | Investigar | Horse Collar |
| 12:28 | Construir | Farm |
| 14:10 | Investigar | Wheelbarrow |
| 14:29 | Edad | Edad de los Castillos |
| 14:31 | Construir | Monastery |
| 14:37 | Crear | Villager (Male) |
| 14:39 | Construir | Farm |
| 15:18 | Crear | Villager (Male) |
| 15:21 | Crear | Monk |
| 15:26 | Construir | Town Center |
| 15:35 | Construir | House |
| 15:50 | Crear | Villager (Male) |
| 15:54 | Construir | Farm |
| 15:55 | Construir | Farm |
| 15:56 | Construir | Farm |
| 15:58 | Construir | Farm |
| 16:06 | Construir | House |
| 16:09 | Investigar | Bow Saw |
| 16:12 | Crear | Villager (Male) |
| 16:14 | Crear | Villager (Male) |
| 16:16 | Construir | Farm |
| 16:23 | Crear | Monk |
| 16:36 | Crear | Villager (Male) |
| 16:39 | Construir | Farm |
| 16:41 | Construir | Farm |
| 16:43 | Construir | Farm |
| 16:46 | Construir | Farm |
| 16:47 | Crear | Villager (Male) |
| 16:55 | Crear | Monk |
| 16:57 | Construir | House |
| 17:02 | Construir | Farm |
| 17:04 | Construir | Farm |
| 17:11 | Crear | Villager (Male) |
| 17:23 | Construir | House |
| 17:26 | Crear | Villager (Male) |
| 17:30 | Construir | Farm |
| 17:37 | Construir | Farm |
| 17:41 | Construir | Farm |
| 17:46 | Construir | Farm |
| 17:52 | Crear | Villager (Male) |
| 17:53 | Crear | Villager (Male) |
| 17:55 | Crear | Villager (Male) |
| 18:05 | Crear | Villager (Male) |
| 18:11 | Construir | House |
| 18:31 | Crear | Villager (Male) |
| 18:32 | Crear | Villager (Male) |
| 18:34 | Crear | Villager (Male) |
| 18:38 | Construir | Farm |
| 18:41 | Construir | Farm |
| 18:42 | Construir | Farm |
| 18:45 | Construir | Farm |
| 18:47 | Crear | Villager (Male) |
| 18:51 | Investigar | Heavy Plow |
| 18:56 | Crear | Villager (Male) |
| 19:25 | Crear | Villager (Male) |
| 19:25 | Crear | Villager (Male) |
| 19:25 | Crear | Villager (Male) |
| 19:29 | Construir | House |
| 19:32 | Construir | Town Center |
| 19:36 | Crear | Villager (Male) |
| 19:40 | Construir | Farm |
| 19:41 | Construir | Farm |
| 19:45 | Construir | Farm |
| 19:51 | Crear | Villager (Male) |
| 19:52 | Crear | Villager (Male) |
| 20:10 | Crear | Villager (Male) |
| 20:10 | Crear | Villager (Male) |
| 20:20 | Construir | Farm |
| 20:21 | Crear | Villager (Male) |
| 20:23 | Crear | Villager (Male) |
| 20:26 | Crear | Villager (Male) |
| 20:30 | Construir | Farm |
| 20:31 | Construir | Farm |
| 20:32 | Construir | Farm |
| 20:35 | Crear | Villager (Male) |
| 20:50 | Construir | House |
| 21:01 | Crear | Villager (Male) |
| 21:02 | Crear | Villager (Male) |
| 21:02 | Crear | Villager (Male) |
| 21:04 | Crear | Villager (Male) |
| 21:04 | Crear | Villager (Male) |
| 21:08 | Crear | Villager (Male) |
| 21:09 | Crear | Villager (Male) |
| 21:15 | Construir | Mining Camp |
| 21:22 | Construir | Farm |
| 21:27 | Crear | Villager (Male) |
| 21:27 | Crear | Villager (Male) |
| 21:28 | Crear | Villager (Male) |
| 21:28 | Crear | Villager (Male) |
| 21:31 | Crear | Villager (Male) |
| 21:33 | Construir | House |
| 21:34 | Construir | House |
| 21:35 | Construir | House |
| 21:42 | Crear | Villager (Male) |
| 21:43 | Crear | Villager (Male) |
| 21:49 | Crear | Villager (Male) |
| 21:56 | Crear | Villager (Male) |
| 21:58 | Crear | Villager (Male) |
| 22:00 | Crear | Villager (Male) |
| 22:01 | Crear | Villager (Male) |
| 22:01 | Crear | Villager (Male) |
| 22:03 | Crear | Villager (Male) |
| 22:07 | Construir | Farm |
| 22:08 | Construir | Farm |
| 22:09 | Construir | Farm |
| 22:11 | Construir | Farm |
| 22:12 | Construir | Farm |
| 22:18 | Construir | Farm |
| 22:20 | Construir | Farm |
Build order — thagichord
Primeras 150 de 227 acciones detectadas
| 0:02 | Crear | Villager (Male) |
| 0:03 | Crear | Villager (Male) |
| 0:05 | Construir | House |
| 0:06 | Construir | House |
| 0:19 | Crear | Villager (Male) |
| 0:19 | Crear | Villager (Male) |
| 1:36 | Crear | Villager (Male) |
| 1:36 | Crear | Villager (Male) |
| 1:37 | Crear | Villager (Male) |
| 1:51 | Construir | Mill |
| 1:59 | Crear | Villager (Male) |
| 1:59 | Crear | Villager (Male) |
| 2:00 | Crear | Villager (Male) |
| 2:26 | Crear | Villager (Male) |
| 2:27 | Crear | Villager (Male) |
| 2:57 | Crear | Villager (Male) |
| 2:57 | Crear | Villager (Male) |
| 2:57 | Crear | Villager (Male) |
| 3:34 | Construir | House |
| 3:38 | Crear | Villager (Male) |
| 3:39 | Crear | Villager (Male) |
| 4:05 | Crear | Villager (Male) |
| 4:05 | Crear | Villager (Male) |
| 4:05 | Crear | Villager (Male) |
| 4:26 | Crear | Villager (Male) |
| 4:27 | Crear | Villager (Male) |
| 4:27 | Crear | Villager (Male) |
| 4:44 | Crear | Villager (Male) |
| 4:45 | Crear | Villager (Male) |
| 4:53 | Crear | Villager (Male) |
| 4:53 | Crear | Villager (Male) |
| 4:53 | Crear | Villager (Male) |
| 5:07 | Crear | Villager (Male) |
| 5:08 | Crear | Villager (Male) |
| 5:10 | Construir | Lumber Camp |
| 5:30 | Crear | Villager (Male) |
| 5:43 | Crear | Villager (Male) |
| 5:50 | Construir | House |
| 6:20 | Crear | Villager (Male) |
| 7:46 | Construir | Mining Camp |
| 7:50 | Construir | Mining Camp |
| 8:05 | Investigar | Feudal Age |
| 8:05 | Investigar | Feudal Age |
| 9:18 | Crear | Villager (Male) |
| 9:19 | Crear | Villager (Male) |
| 10:15 | Edad | Edad Feudal |
| 10:18 | Construir | Market |
| 10:21 | Construir | Blacksmith |
| 11:07 | Investigar | Castle Age |
| 11:11 | Investigar | Double-Bit Axe |
| 11:11 | Investigar | Double-Bit Axe |
| 11:12 | Investigar | Double-Bit Axe |
| 11:28 | Construir | Mining Camp |
| 12:11 | Investigar | Stone Mining |
| 12:11 | Investigar | Stone Mining |
| 12:47 | Investigar | Horse Collar |
| 12:47 | Investigar | Horse Collar |
| 12:56 | Construir | House |
| 13:47 | Edad | Edad de los Castillos |
| 13:55 | Crear | Villager (Male) |
| 13:55 | Crear | Villager (Male) |
| 14:52 | Construir | Castle |
| 15:20 | Crear | Villager (Male) |
| 15:20 | Investigar | Loom |
| 15:26 | Crear | Villager (Male) |
| 15:50 | Crear | Villager (Male) |
| 16:03 | Construir | Mining Camp |
| 16:13 | Construir | Siege Workshop |
| 16:16 | Construir | Outpost |
| 16:41 | Construir | Outpost |
| 16:42 | Investigar | Town Watch |
| 16:43 | Investigar | Town Watch |
| 16:51 | Construir | Farm |
| 17:13 | Crear | Villager (Male) |
| 17:13 | Crear | Villager (Male) |
| 17:15 | Construir | Farm |
| 17:29 | Construir | Farm |
| 17:41 | Crear | Battering Ram |
| 17:46 | Construir | Farm |
| 18:25 | Construir | Farm |
| 18:40 | Construir | Monastery |
| 19:08 | Crear | Villager (Male) |
| 19:09 | Crear | Villager (Male) |
| 19:10 | Crear | Monk |
| 19:28 | Construir | Palisade Wall |
| 19:50 | Crear | Villager (Male) |
| 20:16 | Construir | House |
| 20:19 | Crear | Villager (Male) |
| 20:19 | Crear | Villager (Male) |
| 20:23 | Construir | Farm |
| 20:31 | Crear | Battering Ram |
| 20:52 | Crear | Monk |
| 21:04 | Construir | Lumber Camp |
| 21:06 | Crear | Villager (Male) |
| 21:06 | Crear | Villager (Male) |
| 21:23 | Investigar | Fletching |
| 21:23 | Investigar | Fletching |
| 22:00 | Crear | Villager (Male) |
| 22:03 | Construir | Farm |
| 22:04 | Construir | Farm |
| 22:07 | Construir | Farm |
| 22:08 | Construir | Farm |
| 22:10 | Construir | Farm |
| 22:18 | Crear | Villager (Male) |
| 22:45 | Crear | Villager (Male) |
| 22:48 | Construir | Farm |
| 22:50 | Construir | Farm |
| 23:03 | Crear | Villager (Male) |
| 23:17 | Construir | Farm |
| 23:56 | Crear | Villager (Male) |
| 24:14 | Construir | Farm |
| 24:15 | Construir | Farm |
| 24:17 | Crear | Villager (Male) |
| 24:37 | Crear | Villager (Male) |
| 24:38 | Investigar | Wheelbarrow |
| 24:40 | Construir | Farm |
| 25:24 | Construir | Farm |
| 26:08 | Construir | University |
| 26:30 | Crear | Villager (Male) |
| 26:33 | Crear | Villager (Male) |
| 26:37 | Construir | Farm |
| 26:49 | Construir | Castle |
| 27:02 | Crear | Villager (Male) |
| 27:38 | Construir | House |
| 27:39 | Construir | House |
| 27:40 | Construir | House |
| 28:07 | Investigar | Imperial Age |
| 28:08 | Investigar | Imperial Age |
| 29:07 | Investigar | Fortified Wall (upgrade) |
| 30:00 | Construir | Barracks |
| 30:32 | Construir | House |
| 30:41 | Crear | Villager (Male) |
| 30:41 | Crear | Villager (Male) |
| 31:17 | Edad | Edad Imperial |
| 31:29 | Construir | Feitoria |
| 31:49 | Investigar | Chemistry |
| 31:49 | Investigar | Chemistry |
| 31:56 | Construir | Outpost |
| 31:59 | Crear | Villager (Male) |
| 32:08 | Construir | Stone Wall |
| 32:12 | Crear | Villager (Male) |
| 32:26 | Construir | Archery Range |
| 32:27 | Construir | Archery Range |
| 32:28 | Construir | Archery Range |
| 32:38 | Construir | Stone Wall |
| 32:41 | Crear | Villager (Male) |
| 33:03 | Construir | Feitoria |
| 33:05 | Crear | Villager (Male) |
| 33:06 | Crear | Villager (Male) |
| 33:10 | Investigar | Padded Archer Armor |
Build order — Vanchella
Primeras 150 de 194 acciones detectadas
| 0:01 | Crear | Villager (Male) |
| 0:02 | Crear | Villager (Male) |
| 0:02 | Crear | Villager (Male) |
| 0:03 | Construir | House |
| 0:05 | Construir | House |
| 0:06 | Crear | Villager (Male) |
| 1:31 | Crear | Villager (Male) |
| 1:32 | Crear | Villager (Male) |
| 1:47 | Construir | Lumber Camp |
| 2:02 | Crear | Villager (Male) |
| 2:02 | Crear | Villager (Male) |
| 2:02 | Crear | Villager (Male) |
| 2:36 | Crear | Villager (Male) |
| 2:36 | Crear | Villager (Male) |
| 2:36 | Crear | Villager (Male) |
| 2:37 | Crear | Villager (Male) |
| 3:08 | Construir | House |
| 3:11 | Construir | House |
| 3:14 | Crear | Villager (Male) |
| 3:56 | Crear | Villager (Male) |
| 4:03 | Crear | Villager (Male) |
| 4:25 | Construir | Mill |
| 4:46 | Crear | Villager (Male) |
| 4:52 | Crear | Villager (Male) |
| 5:17 | Crear | Villager (Male) |
| 6:00 | Crear | Villager (Male) |
| 6:24 | Crear | Villager (Male) |
| 6:25 | Crear | Villager (Male) |
| 6:54 | Crear | Villager (Male) |
| 7:32 | Crear | Villager (Male) |
| 7:53 | Construir | Mining Camp |
| 7:55 | Crear | Villager (Male) |
| 8:19 | Investigar | Feudal Age |
| 8:35 | Construir | House |
| 8:36 | Construir | House |
| 10:35 | Construir | Mill |
| 10:41 | Edad | Edad Feudal |
| 10:50 | Construir | Market |
| 10:52 | Construir | Blacksmith |
| 10:56 | Crear | Villager (Male) |
| 10:56 | Crear | Villager (Male) |
| 12:03 | Investigar | Castle Age |
| 12:03 | Investigar | Castle Age |
| 12:04 | Investigar | Castle Age |
| 12:06 | Construir | Mining Camp |
| 12:13 | Investigar | Loom |
| 13:20 | Investigar | Double-Bit Axe |
| 13:22 | Crear | Villager (Male) |
| 13:22 | Crear | Villager (Male) |
| 13:23 | Crear | Villager (Male) |
| 14:28 | Investigar | Fletching |
| 14:43 | Edad | Edad de los Castillos |
| 14:53 | Construir | Krepost |
| 15:19 | Construir | Farm |
| 15:20 | Construir | Farm |
| 15:21 | Investigar | Horse Collar |
| 15:25 | Construir | Farm |
| 15:27 | Construir | Farm |
| 16:43 | Crear | Villager (Male) |
| 16:43 | Crear | Villager (Male) |
| 16:49 | Construir | Krepost |
| 17:04 | Construir | Barracks |
| 17:06 | Crear | Villager (Male) |
| 17:13 | Crear | Villager (Male) |
| 17:19 | Construir | Farm |
| 17:19 | Construir | Farm |
| 17:19 | Construir | Farm |
| 17:24 | Construir | Farm |
| 17:33 | Construir | Stable |
| 17:46 | Construir | Farm |
| 17:47 | Crear | Villager (Male) |
| 18:17 | Crear | Villager (Male) |
| 19:20 | Crear | Villager (Male) |
| 19:21 | Crear | Villager (Male) |
| 19:28 | Crear | Villager (Male) |
| 19:42 | Construir | Krepost |
| 19:49 | Crear | Villager (Male) |
| 19:56 | Construir | Farm |
| 19:58 | Construir | Farm |
| 19:59 | Crear | Villager (Male) |
| 20:35 | Crear | Villager (Male) |
| 20:56 | Investigar | Bodkin Arrow |
| 21:03 | Crear | Konnik |
| 21:03 | Crear | Konnik |
| 21:32 | Crear | Konnik |
| 21:40 | Crear | Villager (Male) |
| 21:40 | Crear | Villager (Male) |
| 21:51 | Crear | Konnik |
| 21:56 | Construir | Farm |
| 21:59 | Construir | Farm |
| 22:03 | Construir | Farm |
| 22:16 | Construir | Farm |
| 22:20 | Construir | Farm |
| 22:22 | Crear | Villager (Male) |
| 22:22 | Crear | Villager (Male) |
| 22:22 | Crear | Villager (Male) |
| 22:40 | Crear | Konnik |
| 22:55 | Investigar | Scale Barding Armor |
| 22:55 | Investigar | Scale Barding Armor |
| 22:56 | Investigar | Scale Barding Armor |
| 23:02 | Construir | Farm |
| 23:06 | Construir | Farm |
| 23:09 | Crear | Villager (Male) |
| 23:22 | Crear | Villager (Male) |
| 23:28 | Crear | Konnik |
| 23:34 | Crear | Villager (Male) |
| 23:35 | Crear | Villager (Male) |
| 23:35 | Crear | Villager (Male) |
| 23:50 | Crear | Konnik |
| 24:02 | Crear | Villager (Male) |
| 24:02 | Crear | Villager (Male) |
| 24:14 | Crear | Konnik |
| 24:47 | Investigar | Chain Barding Armor |
| 24:49 | Crear | Villager (Male) |
| 24:50 | Crear | Villager (Male) |
| 25:47 | Crear | Villager (Male) |
| 25:48 | Crear | Villager (Male) |
| 25:51 | Construir | House |
| 26:03 | Crear | Villager (Male) |
| 26:17 | Construir | Krepost |
| 26:53 | Crear | Konnik |
| 26:53 | Crear | Konnik |
| 26:58 | Crear | Villager (Male) |
| 27:02 | Construir | Farm |
| 27:03 | Crear | Villager (Male) |
| 27:05 | Crear | Konnik |
| 27:39 | Construir | Farm |
| 27:39 | Construir | Farm |
| 27:40 | Crear | Villager (Male) |
| 27:41 | Crear | Villager (Male) |
| 28:03 | Construir | Krepost |
| 28:05 | Crear | Konnik |
| 28:10 | Crear | Konnik |
| 28:12 | Crear | Konnik |
| 28:12 | Crear | Konnik |
| 28:14 | Crear | Villager (Male) |
| 28:14 | Crear | Villager (Male) |
| 29:00 | Crear | Konnik |
| 29:17 | Crear | Villager (Male) |
| 29:31 | Construir | Krepost |
| 29:40 | Crear | Konnik |
| 29:40 | Crear | Konnik |
| 29:40 | Crear | Konnik |
| 30:01 | Crear | Villager (Male) |
| 30:09 | Construir | Mining Camp |
| 30:30 | Crear | Villager (Male) |
| 30:31 | Crear | Villager (Male) |
| 30:31 | Crear | Villager (Male) |
| 31:11 | Construir | Krepost |
| 31:22 | Crear | Konnik |
Build order — saksham
Primeras 150 de 457 acciones detectadas
| 0:04 | Crear | Villager (Male) |
| 0:04 | Crear | Villager (Male) |
| 0:05 | Crear | Villager (Male) |
| 0:05 | Crear | Villager (Male) |
| 0:05 | Crear | Villager (Male) |
| 0:06 | Construir | House |
| 0:10 | Construir | House |
| 1:38 | Crear | Villager (Male) |
| 1:39 | Crear | Villager (Male) |
| 1:39 | Crear | Villager (Male) |
| 1:57 | Crear | Villager (Male) |
| 1:57 | Crear | Villager (Male) |
| 2:33 | Crear | Villager (Male) |
| 2:33 | Crear | Villager (Male) |
| 2:34 | Crear | Villager (Male) |
| 2:55 | Crear | Villager (Male) |
| 2:55 | Crear | Villager (Male) |
| 2:55 | Crear | Villager (Male) |
| 3:40 | Crear | Villager (Male) |
| 3:41 | Crear | Villager (Male) |
| 4:01 | Construir | House |
| 4:04 | Construir | Mill |
| 4:13 | Crear | Villager (Male) |
| 4:14 | Crear | Villager (Male) |
| 4:14 | Crear | Villager (Male) |
| 4:36 | Crear | Villager (Male) |
| 4:36 | Crear | Villager (Male) |
| 4:37 | Crear | Villager (Male) |
| 5:00 | Construir | Lumber Camp |
| 5:07 | Crear | Villager (Male) |
| 5:08 | Crear | Villager (Male) |
| 5:08 | Crear | Villager (Male) |
| 5:39 | Crear | Villager (Male) |
| 5:39 | Crear | Villager (Male) |
| 5:39 | Crear | Villager (Male) |
| 5:40 | Crear | Villager (Male) |
| 5:55 | Construir | House |
| 6:26 | Crear | Villager (Male) |
| 6:35 | Construir | Palisade Wall |
| 7:00 | Crear | Villager (Male) |
| 7:01 | Crear | Villager (Male) |
| 7:46 | Construir | Farm |
| 7:51 | Construir | House |
| 7:54 | Crear | Villager (Male) |
| 7:54 | Crear | Villager (Male) |
| 8:15 | Crear | Villager (Male) |
| 8:17 | Crear | Villager (Male) |
| 8:54 | Crear | Villager (Male) |
| 9:05 | Investigar | Feudal Age |
| 9:13 | Construir | Mining Camp |
| 10:00 | Construir | Farm |
| 10:21 | Construir | Farm |
| 10:41 | Construir | Farm |
| 11:03 | Crear | Villager (Male) |
| 11:52 | Edad | Edad Feudal |
| 11:54 | Investigar | Castle Age |
| 11:56 | Investigar | Double-Bit Axe |
| 12:06 | Construir | Lumber Camp |
| 12:23 | Construir | House |
| 12:28 | Investigar | Horse Collar |
| 12:32 | Construir | Farm |
| 13:03 | Construir | Farm |
| 13:19 | Construir | Farm |
| 13:27 | Construir | Farm |
| 13:36 | Construir | Farm |
| 13:48 | Crear | Villager (Male) |
| 14:34 | Edad | Edad de los Castillos |
| 14:42 | Crear | Villager (Male) |
| 14:45 | Construir | Farm |
| 15:17 | Crear | Villager (Male) |
| 15:25 | Construir | Town Center |
| 15:28 | Crear | Villager (Male) |
| 15:33 | Construir | Town Center |
| 15:35 | Crear | Villager (Male) |
| 16:06 | Construir | Market |
| 16:39 | Crear | Villager (Male) |
| 16:44 | Crear | Villager (Male) |
| 16:49 | Construir | Monastery |
| 16:56 | Construir | House |
| 16:59 | Crear | Villager (Male) |
| 16:59 | Crear | Villager (Male) |
| 17:06 | Investigar | Bow Saw |
| 17:08 | Crear | Villager (Male) |
| 17:23 | Construir | Farm |
| 17:27 | Crear | Monk |
| 17:28 | Crear | Monk |
| 17:33 | Crear | Villager (Male) |
| 17:38 | Crear | Villager (Male) |
| 17:38 | Crear | Villager (Male) |
| 17:41 | Construir | Farm |
| 17:43 | Construir | Farm |
| 17:44 | Construir | Farm |
| 17:45 | Construir | Farm |
| 17:47 | Construir | Farm |
| 17:55 | Crear | Villager (Male) |
| 17:57 | Crear | Villager (Male) |
| 18:11 | Crear | Villager (Male) |
| 18:12 | Crear | Villager (Male) |
| 18:12 | Crear | Villager (Male) |
| 18:19 | Construir | Farm |
| 18:20 | Construir | Farm |
| 18:28 | Crear | Villager (Male) |
| 18:37 | Crear | Villager (Male) |
| 18:37 | Crear | Villager (Male) |
| 18:37 | Crear | Villager (Male) |
| 18:41 | Construir | Farm |
| 18:42 | Construir | Farm |
| 18:44 | Crear | Monk |
| 18:48 | Crear | Villager (Male) |
| 18:49 | Crear | Villager (Male) |
| 18:52 | Construir | Farm |
| 18:53 | Construir | Farm |
| 18:55 | Construir | Farm |
| 18:57 | Crear | Villager (Male) |
| 19:03 | Crear | Villager (Male) |
| 19:11 | Crear | Villager (Male) |
| 19:12 | Crear | Villager (Male) |
| 19:21 | Construir | House |
| 19:23 | Construir | House |
| 19:24 | Construir | House |
| 19:28 | Crear | Villager (Male) |
| 19:31 | Construir | Farm |
| 19:32 | Construir | Farm |
| 19:33 | Construir | Farm |
| 19:34 | Construir | Farm |
| 19:46 | Crear | Villager (Male) |
| 19:47 | Crear | Monk |
| 20:22 | Crear | Villager (Male) |
| 20:22 | Crear | Villager (Male) |
| 20:24 | Construir | Farm |
| 20:25 | Construir | Farm |
| 20:25 | Construir | Farm |
| 20:25 | Construir | Farm |
| 20:28 | Crear | Villager (Male) |
| 20:28 | Crear | Villager (Male) |
| 20:31 | Construir | Farm |
| 20:32 | Construir | Farm |
| 20:34 | Construir | House |
| 20:35 | Construir | House |
| 20:37 | Crear | Villager (Male) |
| 20:44 | Construir | Blacksmith |
| 20:50 | Construir | University |
| 20:52 | Crear | Villager (Male) |
| 20:55 | Crear | Villager (Male) |
| 20:57 | Construir | Farm |
| 20:58 | Construir | Farm |
| 21:26 | Crear | Villager (Male) |
| 21:27 | Crear | Villager (Male) |
| 21:27 | Crear | Villager (Male) |
| 21:27 | Crear | Villager (Male) |
Build order — Sasha_Kive
Primeras 150 de 386 acciones detectadas
| 0:01 | Crear | Villager (Male) ×4 |
| 0:04 | Construir | House |
| 0:06 | Construir | House |
| 1:54 | Crear | Villager (Male) |
| 1:54 | Crear | Villager (Male) |
| 1:54 | Crear | Villager (Male) |
| 2:31 | Construir | Lumber Camp |
| 2:34 | Crear | Villager (Male) |
| 2:34 | Crear | Villager (Male) |
| 2:34 | Crear | Villager (Male) |
| 3:03 | Crear | Villager (Male) |
| 3:04 | Crear | Villager (Male) |
| 3:14 | Construir | House |
| 3:32 | Crear | Villager (Male) |
| 3:33 | Crear | Villager (Male) |
| 4:05 | Crear | Villager (Male) |
| 4:06 | Crear | Villager (Male) |
| 4:06 | Crear | Villager (Male) |
| 5:20 | Construir | Mill |
| 5:34 | Crear | Villager (Male) |
| 5:35 | Crear | Villager (Male) |
| 5:35 | Crear | Villager (Male) |
| 6:03 | Crear | Villager (Male) |
| 6:03 | Crear | Villager (Male) |
| 6:42 | Crear | Villager (Male) |
| 7:06 | Construir | Mill |
| 8:03 | Crear | Villager (Male) |
| 8:03 | Crear | Villager (Male) |
| 8:38 | Construir | Mining Camp |
| 8:47 | Investigar | Feudal Age |
| 9:18 | Crear | Villager (Male) |
| 9:18 | Crear | Villager (Male) |
| 11:04 | Edad | Edad Feudal |
| 11:11 | Construir | Market |
| 11:15 | Construir | Blacksmith |
| 12:10 | Investigar | Double-Bit Axe |
| 12:11 | Investigar | Castle Age |
| 13:42 | Investigar | Horse Collar |
| 14:12 | Construir | Farm |
| 14:15 | Construir | Farm |
| 14:18 | Crear | Villager (Male) |
| 14:21 | Construir | Farm |
| 14:25 | Construir | Farm |
| 14:40 | Construir | House |
| 14:51 | Construir | Farm |
| 14:51 | Edad | Edad de los Castillos |
| 15:28 | Construir | Castle |
| 15:35 | Investigar | Loom |
| 15:38 | Crear | Villager (Male) |
| 15:39 | Crear | Villager (Male) |
| 15:40 | Construir | Farm |
| 15:52 | Construir | Castle |
| 16:03 | Investigar | Bow Saw |
| 16:05 | Investigar | Heavy Plow |
| 16:26 | Construir | Farm |
| 16:30 | Construir | Farm |
| 16:35 | Construir | House |
| 17:13 | Crear | Villager (Male) |
| 17:13 | Crear | Villager (Male) |
| 17:16 | Construir | Farm |
| 17:38 | Crear | Villager (Male) |
| 17:47 | Construir | Farm |
| 17:57 | Crear | Obuch |
| 17:57 | Crear | Obuch |
| 17:57 | Crear | Obuch |
| 17:59 | Crear | Obuch |
| 17:59 | Crear | Obuch |
| 18:05 | Construir | Mining Camp |
| 18:17 | Construir | Farm |
| 18:22 | Crear | Villager (Male) |
| 18:22 | Crear | Villager (Male) |
| 18:30 | Crear | Obuch |
| 18:30 | Crear | Obuch |
| 18:46 | Investigar | Scale Mail Armor |
| 18:54 | Crear | Villager (Male) |
| 18:54 | Crear | Villager (Male) |
| 19:02 | Construir | Farm |
| 19:08 | Construir | Farm |
| 19:12 | Crear | Villager (Male) |
| 19:12 | Crear | Villager (Male) |
| 19:51 | Construir | Siege Workshop |
| 19:56 | Crear | Obuch |
| 19:56 | Crear | Obuch |
| 19:57 | Crear | Obuch |
| 19:57 | Crear | Obuch |
| 20:03 | Crear | Villager (Male) |
| 20:03 | Crear | Villager (Male) |
| 20:08 | Construir | Farm |
| 20:14 | Construir | Farm |
| 20:46 | Crear | Obuch |
| 20:51 | Crear | Battering Ram |
| 20:51 | Crear | Battering Ram |
| 21:03 | Crear | Villager (Male) |
| 21:03 | Crear | Villager (Male) |
| 21:17 | Crear | Obuch |
| 21:17 | Crear | Obuch |
| 21:27 | Crear | Battering Ram |
| 21:27 | Crear | Battering Ram |
| 21:52 | Crear | Battering Ram |
| 22:08 | Crear | Villager (Male) |
| 22:08 | Crear | Villager (Male) |
| 22:10 | Crear | Villager (Male) |
| 22:19 | Crear | Obuch |
| 22:20 | Crear | Obuch |
| 22:20 | Crear | Obuch |
| 22:37 | Construir | House |
| 22:40 | Construir | Barracks |
| 22:49 | Investigar | Wheelbarrow |
| 22:51 | Crear | Villager (Male) |
| 22:52 | Crear | Villager (Male) |
| 23:03 | Crear | Battering Ram |
| 23:13 | Investigar | Forging |
| 23:24 | Investigar | Squires |
| 23:25 | Investigar | Arson |
| 23:30 | Crear | Battering Ram |
| 23:35 | Construir | House |
| 23:36 | Construir | House |
| 23:43 | Construir | House |
| 23:44 | Construir | House |
| 25:06 | Crear | Battering Ram |
| 25:10 | Crear | Villager (Male) |
| 25:10 | Crear | Villager (Male) |
| 25:10 | Crear | Villager (Male) |
| 25:11 | Crear | Villager (Male) |
| 25:14 | Construir | Town Center |
| 25:18 | Investigar | Gold Mining |
| 25:23 | Construir | Town Center |
| 25:36 | Investigar | Chain Mail Armor |
| 25:40 | Crear | Obuch |
| 25:40 | Crear | Obuch |
| 25:40 | Crear | Obuch |
| 25:51 | Crear | Obuch |
| 25:52 | Crear | Obuch |
| 26:00 | Crear | Villager (Male) |
| 26:53 | Crear | Obuch |
| 26:54 | Crear | Obuch |
| 26:54 | Crear | Obuch |
| 26:55 | Crear | Villager (Male) |
| 26:55 | Crear | Villager (Male) |
| 26:56 | Crear | Villager (Male) |
| 26:56 | Crear | Villager (Male) |
| 26:56 | Crear | Villager (Male) |
| 26:57 | Crear | Villager (Male) |
| 27:06 | Construir | Mill |
| 27:07 | Construir | Farm |
| 27:07 | Construir | Farm |
| 27:07 | Construir | Farm |
| 27:08 | Construir | Farm |
| 27:08 | Construir | Farm |
| 27:08 | Construir | Farm |
Build order — $hrimpmaster
Primeras 150 de 436 acciones detectadas
| 0:01 | Crear | Villager (Male) |
| 0:01 | Crear | Villager (Male) |
| 0:01 | Crear | Villager (Male) |
| 0:02 | Construir | House |
| 0:03 | Construir | House |
| 0:13 | Crear | Villager (Male) |
| 0:13 | Crear | Villager (Male) |
| 0:14 | Crear | Villager (Male) |
| 1:29 | Crear | Villager (Male) |
| 1:29 | Crear | Villager (Male) |
| 1:56 | Crear | Villager (Male) |
| 1:56 | Crear | Villager (Male) |
| 1:56 | Crear | Villager (Male) |
| 1:59 | Construir | Lumber Camp |
| 2:23 | Crear | Villager (Male) |
| 2:46 | Crear | Villager (Male) |
| 3:11 | Crear | Villager (Male) |
| 3:15 | Construir | House |
| 3:44 | Crear | Villager (Male) |
| 3:45 | Crear | Villager (Male) |
| 3:50 | Construir | Palisade Wall |
| 4:10 | Crear | Villager (Male) |
| 4:44 | Construir | Mill |
| 4:51 | Crear | Villager (Male) |
| 4:51 | Crear | Villager (Male) |
| 4:52 | Crear | Villager (Male) |
| 5:08 | Construir | House |
| 6:05 | Construir | Mill |
| 6:20 | Crear | Villager (Male) |
| 6:20 | Crear | Villager (Male) |
| 6:21 | Crear | Villager (Male) |
| 6:21 | Crear | Villager (Male) |
| 7:26 | Crear | Villager (Male) |
| 8:08 | Construir | House |
| 8:15 | Crear | Villager (Male) |
| 8:43 | Crear | Villager (Male) |
| 8:44 | Crear | Villager (Male) |
| 9:20 | Construir | Mining Camp |
| 9:34 | Investigar | Feudal Age |
| 9:43 | Construir | Barracks |
| 10:16 | Crear | Villager (Male) |
| 10:16 | Crear | Villager (Male) |
| 11:50 | Edad | Edad Feudal |
| 11:52 | Construir | Archery Range |
| 11:54 | Construir | Blacksmith |
| 11:57 | Investigar | Double-Bit Axe |
| 11:58 | Investigar | Horse Collar |
| 12:17 | Construir | House |
| 12:30 | Construir | Farm |
| 12:32 | Construir | Farm |
| 12:34 | Crear | Archer |
| 12:37 | Investigar | Castle Age |
| 12:42 | Construir | Farm |
| 12:46 | Construir | Farm |
| 12:49 | Construir | House |
| 13:03 | Construir | Farm |
| 13:09 | Construir | Farm |
| 13:16 | Crear | Archer |
| 13:19 | Crear | Villager (Male) |
| 13:33 | Crear | Archer |
| 14:05 | Crear | Archer |
| 14:19 | Crear | Villager (Male) |
| 14:23 | Crear | Archer |
| 15:13 | Investigar | Fletching |
| 15:20 | Edad | Edad de los Castillos |
| 15:22 | Construir | Town Center |
| 15:28 | Investigar | Crossbowman (upgrade) |
| 15:53 | Crear | Archer |
| 15:54 | Crear | Archer |
| 15:54 | Crear | Archer |
| 15:58 | Crear | Villager (Male) |
| 15:59 | Crear | Villager (Male) |
| 16:00 | Crear | Villager (Male) |
| 16:03 | Construir | Town Center |
| 16:07 | Investigar | Bow Saw |
| 17:03 | Crear | Villager (Male) |
| 17:03 | Crear | Villager (Male) |
| 17:03 | Crear | Villager (Male) |
| 17:13 | Crear | Villager (Male) |
| 17:17 | Construir | Farm |
| 17:18 | Construir | Farm |
| 17:19 | Construir | Farm |
| 17:29 | Crear | Archer |
| 17:30 | Crear | Archer |
| 17:30 | Crear | Archer |
| 17:38 | Construir | Farm |
| 17:41 | Construir | Farm |
| 17:45 | Construir | Monastery |
| 17:47 | Construir | Farm |
| 17:49 | Construir | Farm |
| 17:55 | Crear | Villager (Male) |
| 17:55 | Crear | Villager (Male) |
| 17:58 | Construir | Farm |
| 18:00 | Construir | Farm |
| 18:06 | Construir | Farm |
| 18:09 | Construir | Farm |
| 18:22 | Crear | Villager (Male) |
| 18:29 | Construir | House |
| 18:30 | Construir | House |
| 18:32 | Crear | Monk |
| 18:53 | Construir | Farm |
| 18:53 | Crear | Villager (Male) |
| 18:54 | Crear | Villager (Male) |
| 18:54 | Crear | Villager (Male) |
| 18:54 | Crear | Villager (Male) |
| 18:54 | Crear | Villager (Male) |
| 18:58 | Construir | House |
| 18:59 | Construir | House |
| 19:00 | Construir | House |
| 19:00 | Construir | House |
| 19:01 | Construir | House |
| 19:07 | Crear | Villager (Male) |
| 19:07 | Crear | Villager (Male) |
| 19:09 | Construir | Farm |
| 19:12 | Construir | Farm |
| 19:30 | Construir | Farm |
| 19:32 | Crear | Villager (Male) |
| 19:33 | Crear | Villager (Male) |
| 19:33 | Crear | Villager (Male) |
| 19:33 | Crear | Villager (Male) |
| 19:36 | Construir | Farm |
| 19:37 | Construir | Farm |
| 19:57 | Crear | Villager (Male) |
| 19:57 | Crear | Villager (Male) |
| 19:57 | Crear | Villager (Male) |
| 20:01 | Construir | Farm |
| 20:07 | Investigar | Heavy Plow |
| 20:12 | Crear | Villager (Male) |
| 20:12 | Crear | Villager (Male) |
| 20:12 | Crear | Villager (Male) |
| 20:18 | Crear | Villager (Male) |
| 20:18 | Crear | Villager (Male) |
| 20:19 | Crear | Villager (Male) |
| 20:38 | Crear | Villager (Male) |
| 20:38 | Crear | Villager (Male) |
| 20:39 | Crear | Villager (Male) |
| 20:43 | Construir | Farm |
| 20:49 | Crear | Archer |
| 20:49 | Crear | Archer |
| 20:49 | Crear | Archer |
| 20:50 | Crear | Archer |
| 20:52 | Crear | Villager (Male) |
| 20:54 | Construir | Farm |
| 20:57 | Construir | Farm |
| 21:01 | Construir | Farm |
| 21:03 | Crear | Villager (Male) |
| 21:11 | Construir | Farm |
| 21:19 | Construir | Farm |
| 21:20 | Crear | Villager (Male) |
| 21:20 | Crear | Villager (Male) |
Cronología de la partida
| 3:50 | $hrimpmaster · wall_segment Palisade Wall x1 |
| 6:35 | saksham · wall_segment Palisade Wall x1 |
| 9:05 | タタールが村に入った · first_building Barracks |
| 9:43 | $hrimpmaster · first_building Barracks |
| 10:15 | thagichord · age_up feudal |
| 10:33 | buckner · age_up feudal |
| 10:35 | kampert · age_up feudal |
| 10:41 | Vanchella · age_up feudal |
| 11:04 | Sasha_Kive · age_up feudal |
| 11:23 | タタールが村に入った · age_up feudal |
| 11:24 | タタールが村に入った · first_building Stable |
| 11:50 | $hrimpmaster · age_up feudal |
| 11:52 | $hrimpmaster · first_building Archery Range |
| 11:52 | saksham · age_up feudal |
| 13:16 | kampert · age_up castle |
| 13:47 | kampert · first_building Castle |
| 13:47 | thagichord · age_up castle |
| 14:29 | buckner · age_up castle |
| 14:31 | buckner · first_building Monastery |
| 14:34 | saksham · age_up castle |
| 14:43 | Vanchella · age_up castle |
| 14:51 | Sasha_Kive · age_up castle |
| 14:52 | thagichord · first_building Castle |
| 14:53 | Vanchella · first_building Krepost |
| 14:56 | タタールが村に入った · age_up castle |
| 15:20 | $hrimpmaster · age_up castle |
| 15:28 | Sasha_Kive · first_building Castle |
| 16:13 | thagichord · first_building Siege Workshop |
| 16:34 | kampert · wall_segment Stone Wall x14 |
| 16:49 | saksham · first_building Monastery |
| 17:04 | Vanchella · first_building Barracks |
| 17:11 | thagichord · first_market_buy 100 food |
| 17:19 | タタールが村に入った · first_building Monastery |
| 17:33 | Vanchella · first_building Stable |
| 17:45 | $hrimpmaster · first_building Monastery |
| 18:40 | thagichord · first_building Monastery |
| 19:01 | buckner · first_market_buy 100 wood |
| 19:28 | thagichord · wall_segment Palisade Wall x1 |
| 19:51 | Sasha_Kive · first_building Siege Workshop |
| 20:19 | kampert · first_building Siege Workshop |
| 20:32 | kampert · wall_segment Stone Wall x5 |
| 20:34 | kampert · wall_segment Stone Wall x3 |
| 20:38 | kampert · wall_segment Stone Wall x1 |
| 20:39 | kampert · wall_segment Stone Wall x1 |
| 20:47 | kampert · wall_segment Stone Wall x1 |
| 20:50 | thagichord · first_market_sell 100 stone |
| 21:20 | kampert · wall_segment Stone Wall x1 |
| 22:30 | kampert · first_building Stable |
| 22:40 | Sasha_Kive · first_building Barracks |
| 22:44 | saksham · first_building Barracks |
| 23:00 | Sasha_Kive · first_market_sell 100 food |
| 23:56 | kampert · wall_segment Stone Wall x1 |
| 23:58 | kampert · wall_segment Stone Wall x1 |
| 24:02 | kampert · wall_segment Stone Wall x1 |
| 24:03 | kampert · wall_segment Stone Wall x1 |
| 24:10 | タタールが村に入った · first_building Siege Workshop |
| 24:30 | saksham · first_building Siege Workshop |
| 25:02 | kampert · age_up imperial |
| 25:11 | buckner · first_building Barracks |
| 25:40 | kampert · wall_segment Stone Wall x1 |
| 25:46 | saksham · first_market_sell 100 food |
| 25:58 | buckner · wall_segment Stone Wall x3 |
| 26:12 | buckner · wall_segment Stone Wall x1 |
| 26:34 | buckner · first_building Castle |
| 26:38 | buckner · wall_segment Stone Wall x1 |
| 26:39 | buckner · wall_segment Stone Wall x1 |
| 26:42 | buckner · wall_segment Stone Wall x1 |
| 27:03 | buckner · first_building Siege Workshop |
| 27:08 | buckner · wall_segment Stone Wall x1 |
| 27:18 | saksham · first_building Castle |
| 28:07 | buckner · age_up imperial |
| 28:09 | $hrimpmaster · age_up imperial |
| 28:46 | タタールが村に入った · first_market_sell 100 stone |
| 29:22 | Vanchella · first_market_sell 100 food |
| 29:24 | Vanchella · first_market_buy 100 stone |
| 29:25 | saksham · age_up imperial |
| 29:30 | タタールが村に入った · age_up imperial |
| 29:47 | タタールが村に入った · tribute_sent a jugador 2 |
| 29:47 | タタールが村に入った · tribute_sent a jugador 3 |
| 29:47 | タタールが村に入った · tribute_sent a jugador 4 |
| 29:47 | タタールが村に入った · tribute_sent a jugador 5 |
| 29:47 | タタールが村に入った · tribute_sent a jugador 6 |
| 29:47 | タタールが村に入った · tribute_sent a jugador 7 |
| 29:47 | タタールが村に入った · tribute_sent a jugador 8 |
| 29:59 | $hrimpmaster · first_building Castle |
| 30:00 | thagichord · first_building Barracks |
| 31:17 | thagichord · age_up imperial |
| 31:49 | タタールが村に入った · first_market_buy 100 food |
| 32:08 | thagichord · wall_segment Stone Wall x1 |
| 32:26 | thagichord · first_building Archery Range |
| 32:38 | thagichord · wall_segment Stone Wall x6 |
| 32:57 | Sasha_Kive · first_building Stable |
| 33:11 | saksham · wall_segment Stone Wall x1 |
| 34:06 | thagichord · wall_segment Stone Wall x7 |
| 34:41 | buckner · tribute_sent a jugador 1 |
| 34:41 | buckner · tribute_sent a jugador 3 |
| 34:41 | buckner · tribute_sent a jugador 4 |
| 34:41 | buckner · tribute_sent a jugador 5 |
| 34:41 | buckner · tribute_sent a jugador 6 |
| 34:41 | buckner · tribute_sent a jugador 7 |
| 34:41 | buckner · tribute_sent a jugador 8 |
| 36:01 | saksham · first_building Stable |
| 36:26 | thagichord · wall_segment Stone Wall x6 |
| 37:15 | $hrimpmaster · wall_segment Stone Wall x1 |
| 38:48 | Sasha_Kive · first_building Archery Range |
| 38:58 | kampert · wall_segment Stone Wall x1 |
| 39:02 | kampert · wall_segment Stone Wall x1 |
| 39:30 | タタールが村に入った · first_building Castle |
| 41:11 | kampert · wall_segment Stone Wall x1 |
| 41:22 | Sasha_Kive · resign |
[ ANÁLISIS IA · 1 CRÉDITO ]
¿Qué pasó realmente en esta partida?
Wolo.gg analiza cada decisión: build order, eco, micro, errores típicos por bracket. Análisis personalizado por WhatsApp o Discord en 30 segundos.
Guía civ
Jemeres
Guía mapa
Arena
Perfil
Jugador #5943721